AoeStats
← TreeFugger69

Arena

508931286Analyzed
3v3 RM · 9d ago on Sep 24, 2026· 82m 52s· 6 players
Game mode
Random Map
Map size
Normal (6 player)
Population
200
Speed
Normal
Resources
Standard
Victory
Conquest
Starting age
Dark Age
Ending age
Imperial Age
RankedLock teamsTeams togetherTeam positionsShared explorationLock speedFull tech treeHidden civsTurbo modeCheats
Victory
Defeat
🇺🇦 Portuguese · Ukraine
912
+18
🇺🇦 Varangians · Ukraine
901
+18
888
+19
🇧🇷 Hindustanis · Brazil
986
-20
🇮🇳 Britons · India
945
-18
🇺🇸 Aztecs · United States
917
-17
TreeFugger69
7:48 Loom
11:41 Feudal Age
12:51 Horse Collar
12:57 Double-Bit Axe
14:43 Wheelbarrow
17:18 Castle Age
17:53 Scale Mail Armor
18:32 Bow Saw
18:23 Heavy Plow
17:56 Eagle Warrior
22:49 Forging
22:52 Town Watch
23:52 Squires
26:32 Fletching
26:58 Chain Mail Armor
30:22 Hand Cart
30:04 Treadmill Crane
30:45 Ballistics
30:37 Fortified Wall
33:34 Atlatl
35:28 Bodkin Arrow
35:33 Padded Archer Armor
36:09 Iron Casting
36:55 Gold Mining
36:56 Stone Mining
39:54 Imperial Age
40:28 Elite Skirmisher
42:02 Conscription
42:26 Elite Jaguar Warrior
43:37 Garland Wars
44:56 Crop Rotation
45:24 Elite Eagle Warrior
46:27 Capped Ram
49:38 Plate Mail Armor
50:08 Blast Furnace
49:25 Leather Archer Armor
56:08 Guard Tower
56:04 Arrowslits
68:35 Pikeman
81:00 Murder Holes
OrewaNabil
9:09 Loom
10:55 Feudal Age
15:29 Castle Age
13:28 Double-Bit Axe
13:41 Horse Collar
16:41 Bow Saw
16:43 Heavy Plow
24:27 Wheelbarrow
25:02 Gold Mining
25:03 Stone Mining
25:47 Hand Cart
28:30 Treadmill Crane
29:12 Ballistics
29:04 Fortified Wall
28:51 Murder Holes
29:07 Masonry
30:09 Yeomen
33:22 Imperial Age
31:24 Fletching
31:35 Padded Archer Armor
31:57 Yeomen
31:47 Scale Barding Armor
31:45 Scale Mail Armor
32:01 Town Watch
32:04 Pikeman
32:29 Gambesons
32:44 Squires
32:29 Arson
32:47 Bodkin Arrow
33:08 Leather Archer Armor
33:43 Town Patrol
34:37 Gold Shaft Mining
34:31 Conscription
34:12 Warwolf
34:19 Elite Longbowman
37:05 Chemistry
36:10 Siege Engineers
36:37 Architecture
36:11 Bracer
37:33 Ring Archer Armor
37:18 Chain Mail Armor
37:16 Forging
37:11 Scale Barding Armor
37:21 Halberdier
40:11 Hoardings
39:06 Sappers
40:45 Iron Casting
40:41 Plate Mail Armor
40:52 Iron Casting
40:22 Scale Barding Armor
44:27 Caravan
44:57 Coinage
44:38 Guilds
52:59 Banking
53:38 Two-Man Saw
BR Machado
11:19 Feudal Age
16:17 Castle Age
15:07 Double-Bit Axe
16:11 Horse Collar
17:45 Bow Saw
17:31 Gold Mining
20:10 Stone Mining
23:47 Wheelbarrow
22:58 Loom
23:00 Town Watch
23:21 Heavy Plow
25:03 Town Patrol
26:27 Hand Cart
30:16 Imperial Age
28:20 Husbandry
28:51 Bloodlines
28:59 Scale Mail Armor
29:10 Forging
29:06 Scale Barding Armor
29:30 Man-at-Arms
29:56 Arson
30:05 Elite Skirmisher
30:52 Thumb Ring
31:28 Fletching
32:00 Chain Barding Armor
31:55 Chain Mail Armor
33:59 Bloodlines
33:40 Heavy Camel Rider
36:05 Bodkin Arrow
39:49 Plate Barding Armor
39:15 Bracer
39:50 Iron Casting
39:17 Padded Archer Armor
40:43 Chemistry
40:04 Ballistics
39:41 Murder Holes
39:52 Caravan
41:04 Two-Man Saw
40:14 Imperial Camel Rider
44:46 Light Cavalry
48:27 Siege Elephant
50:41 Hussar
58:02 Elite Ghulam
58:56 Long Swordsman
60:43 Two-Handed Swordsman
62:00 Champion
66:07 Squires
66:55 Gold Shaft Mining
66:56 Stone Shaft Mining
67:13 Shatagni
67:17 Grand Trunk Road
80:21 Pikeman
beccTpawHuu
10:57 Feudal Age
11:34 Double-Bit Axe
11:31 Horse Collar
20:46 Castle Age
19:19 Loom
20:44 Gold Mining
21:42 Heavy Plow
21:55 Bow Saw
22:17 Fletching
22:28 Padded Archer Armor
26:28 Bodkin Arrow
29:07 Leather Archer Armor
30:23 Ballistics
36:44 Imperial Age
36:23 Forging
36:21 Scale Barding Armor
36:17 Scale Mail Armor
36:42 Caravan
38:10 Wheelbarrow
38:05 Bracer
38:36 Ring Archer Armor
38:13 Elite Jarl
40:02 Conscription
40:16 Chain Barding Armor
42:22 Elite Varangian Guard
43:48 Iron Casting
44:47 Chemistry
43:57 Gothikon
44:28 Arson
44:44 Squires
45:53 Blast Furnace
46:14 Chain Mail Armor
48:08 Hand Cart
52:31 Plate Mail Armor
73:44 Town Watch
75:11 Two-Man Saw
74:51 Crop Rotation
roman428
10:09 Feudal Age
10:53 Double-Bit Axe
14:06 Castle Age
13:09 Double-Bit Axe
13:09 Horse Collar
18:16 Bow Saw
22:09 Heavy Plow
25:07 Thumb Ring
30:20 Imperial Age
28:15 Ballistics
29:18 Treadmill Crane
29:34 Murder Holes
29:30 Guard Tower
31:06 Caravan
32:58 Wheelbarrow
33:01 Crop Rotation
32:33 Padded Archer Armor
32:23 Fletching
32:34 Scale Mail Armor
32:45 Forging
32:41 Scale Barding Armor
33:46 Keep
34:15 Chemistry
34:13 Keep
36:06 Masonry
36:01 Siege Engineers
36:54 Husbandry
37:04 Bloodlines
36:14 Light Cavalry
37:28 Conscription
36:49 Cavalier
39:36 Bodkin Arrow
39:56 Leather Archer Armor
41:59 Bracer
42:29 Ring Archer Armor
41:33 Elite Skirmisher
43:52 Chain Barding Armor
44:03 Ring Archer Armor
45:02 Hand Cart
50:14 Plate Barding Armor
52:03 Town Watch
52:05 Loom
81:07 Iron Casting
80:48 Chain Mail Armor
S.T.A.L.K.E.Rочок)
12:09 Feudal Age
12:35 Double-Bit Axe
12:31 Horse Collar
18:07 Castle Age
16:33 Gold Mining
17:37 Scale Mail Armor
17:49 Forging
19:20 Heavy Plow
19:31 Bow Saw
21:35 Squires
21:23 Gambesons
22:26 Iron Casting
23:57 Chain Mail Armor
30:41 Wheelbarrow
33:52 Imperial Age
33:46 Gold Shaft Mining
35:06 Caravan
36:03 Hand Cart
35:49 Capped Ram
37:11 Loom
41:47 Plate Mail Armor
42:17 Blast Furnace
44:18 Heavy Scorpion
49:04 Conscription
48:51 Stirrups
48:18 Elite Konnik
52:26 Bloodlines
52:17 Husbandry
51:37 Light Cavalry
53:27 Pikeman
55:06 Siege Ram
72:44 Hussar
78:11 Cavalier
79:11 Scale Barding Armor
Connection lost

Rejoining the realm…

Still unreachable

The connection could not be restored.

Session expired

The server has moved on; the page needs a fresh start.